 Dungeon Crawl Stone Soup version 0.25-a0-458-g6fc7858b95 (webtiles) character file.

Game seed: 2660433246396016884, levelgen mode: deterministic

110 Error4North the Shield-Bearer (level 4, -4/40 HPs)
             Began as a Hill Orc Fighter on Feb 2, 2020.
             Slain by Natasha (7 damage)
             ... on level 3 of the Dungeon.
             The game lasted 00:05:34 (1867 turns).

Error4North the Shield-Bearer (Hill Orc Fighter)    Turns: 1867, Time: 00:05:35

Health: -4/40      AC:  8    Str: 19    XL:     4   Next: 91%
Magic:  4/4        EV:  7    Int:  8    God:
Gold:   85         SH:  9    Dex: 10    Spells: 3/3 levels left

rFire    . . .     SeeInvis .   a - +0 war axe
rCold    . . .     Gourm    .   c - +0 shield
rNeg     . . .     Faith    .   b - +0 scale mail
rPois    .         Spirit   .   (no helmet)
rElec    .         Reflect  .   (no cloak)
rCorr    .         Harm     .   k - +0 pair of gloves
MR       .....                  (no boots)
Stlth    ..........             (no amulet)
HPRegen  0.13/turn              (no ring)
MPRegen  0.09/turn              (no ring)

@: no status effects
A: no striking features
a: no special abilities


You were on level 3 of the Dungeon.
You were hungry.

You visited 1 branch of the dungeon, and saw 3 of its levels.

You collected 85 gold pieces.

Inventory:

Hand Weapons
 a - a +0 war axe (weapon)
Armour
 b - a +0 scale mail (worn)
 c - a +0 shield (worn)
 k - a +0 pair of gloves (worn)
Scrolls
 e - 3 scrolls of identify {unknown}
 h - a scroll of fear {unknown}
 i - a scroll of magic mapping {unknown}
 j - a scroll of enchant weapon {unknown}
 l - a scroll of blinking {unknown}
 n - a scroll of noise {unknown}
 o - a scroll of fog {unknown}
 p - a scroll of remove curse {unknown}
Potions
 d - 3 potions of might
 g - a potion of haste {unknown}
 q - a potion of curing
Comestibles
 f - 4 rations
 m - 3 chunks of flesh


   Skills:
 + Level 4.0 Fighting
 + Level 4.1 Axes
 * Level 4.1 Armour
 + Level 0.2 Stealth
 * Level 4.3 Shields


You had 3 spell levels left.
You didn't know any spells.
Your spell library was empty.

Dungeon Overview and Level Annotations

Branches:
Dungeon (3/15)

Altars:

Annotations:
D:3 Natasha


Message History

The magic dart hits you.
You closely miss Natasha.
Natasha is heavily wounded.
Natasha barely misses you.
You closely miss Natasha.
Natasha is heavily wounded.
You block Natasha's attack. Natasha claws you!
* * * LOW HITPOINT WARNING * * *
You closely miss Natasha.
Natasha is heavily wounded.
Natasha claws you!
* * * LOW HITPOINT WARNING * * *
You hit Natasha.
Natasha is severely wounded.
You block Natasha's attack.
You are feeling hungry.
You hit Natasha.
Natasha is severely wounded.
Natasha claws you but does no damage. Natasha claws you!
You die...

.. #.# # .. ..
.###.#
########.#...#
#..........#
#.......h#
#....<)@.#
#..<..)###
#......#
..........
###########


You could see Natasha.

Vanquished Creatures
  A worker ant (D:2)
  An adder (D:2)
  2 oozes (D:2)
  4 dart slugs
  3 leopard geckos
  5 giant cockroaches
  7 goblins
  8 hobgoblins
  6 kobolds
  4 quokkas (D:2)
  5 bats
  A frilled lizard (D:1)
  9 rats
56 creatures vanquished.

Notes
Turn   | Place    | Note
-------+----------+-------------------------------------------
     0 | D:1      | Error4North the Hill Orc Fighter began the quest for the
                  | Orb.
     0 | D:1      | Reached XP level 1. HP: 19/19 MP: 1/1
    30 | D:1      | Reached XP level 2. HP: 26/27 MP: 2/2
   434 | D:1      | Reached XP level 3. HP: 31/33 MP: 3/3
  1234 | D:2      | Reached XP level 4. HP: 10/40 MP: 4/4
  1236 | D:2      | HP: 2/40 [worker ant (1)]
  1852 | D:3      | Noticed Natasha
  1867 | D:3      | Slain by Natasha

Levels and vault maps discovered:
D:1:      saegor_arrival_simple_a, layout_basic, minmay_pentomino_x4
D:2:      minmay_evil_eye, layout_basic
D:3:      layout_rooms, first_ration, uniq_jessica, uniq_natasha

Skill      XL: |  1  2  3  4 |
---------------+-------------+-----
Axes           | 3 4 |  4.1
Armour         | 4 |  4.1
Fighting       | 4 |  4.0
Shields        | 4 |  4.3
Stealth        | |  0.2

Action                   |  1- 3 |  4- 6 || total
-------------------------+-------+-------++-------
Melee: War axe           |   134 |    55 ||   189
  Use: Potion            |       |     1 ||     1
  Eat: Chunk             |     1 |     2 ||     3
Armor: Scale mail        |    68 |    24 ||    92
Dodge: Dodged            |    47 |    11 ||    58
Block: Shield            |    74 |    30 ||   104

Table legend:
 A = Non-vault XP
 B = Vault XP
 C = Vault XP percentage of total XP
 D = Non-vault monster count
 E = Vault monster count
 F = Vault count percentage of total count
                 A         B        C        D         E       F
            +---------+---------+-------+---------+---------+-------
      Total |     111 |      47 |  29.7 |      47 |       9 |  16.1
            +---------+---------+-------+---------+---------+-------
        D:1 |      46 |       4 |   8.0 |      24 |       3 |  11.1
        D:2 |      55 |      43 |  43.9 |      19 |       6 |  24.0
        D:3 |      10 |       0 |   0.0 |       4 |       0 |   0.0
            +---------+---------+-------+---------+---------+-------
